 Dungeon Crawl Stone Soup version 0.30-a0-40-gc6d0f036a7 (webtiles) character file.

Game seed: 16861223679591646455

2 flotson the Sneak (level 1, -1/18 HPs)
             Began as a Demonspawn Delver on Aug 29, 2022.
             Succumbed to an adder's poison
             ... on level 4 of the Dungeon.
             The game lasted 00:00:36 (365 turns).

flotson the Sneak (Demonspawn Delver)                Turns: 365, Time: 00:00:36

Health: -1/18      AC:  3    Str: 12    XL:     1   Next: 33%
Magic:  1/1        EV: 11    Int: 11    God:
Gold:   5          SH:  0    Dex: 14    Spells: 0/0 levels left

rFire   . . .      SeeInvis .    a - +0 hand axe
rCold   . . .      Faith    .    (no shield)
rNeg    . . .      Spirit   .    b - +0 leather armour
rPois   .          Reflect  .    (no helmet)
rElec   .          Harm     .    (no cloak)
rCorr   .          Rampage  .    (no gloves)
Will    .....                    (no boots)
Stlth   ++........               (no amulet)
HPRegen 0.06/turn                (no ring)
MPRegen 0.07/turn                (no ring)

@: lethally poisoned (-1 -> -9), hasted, very quick
A: no striking features
a: no special abilities


You were on level 4 of the Dungeon.
You visited 1 branch of the dungeon, and saw 2 of its levels.

You collected 5 gold pieces.

Inventory:

Hand Weapons
 a - a +0 hand axe (weapon)
Missiles
 h - 2 throwing nets (quivered)
Armour
 b - a +0 leather armour (worn)
Wands
 g - a wand of digging (3)
Scrolls
 c - a scroll of fog
 d - a scroll of magic mapping
 e - a scroll of fear


   Skills:
 + Level 3.0 Fighting
 + Level 1.8 Axes
 + Level 0.1 Armour
 + Level 1.8 Dodging
 - Level 4.5 Stealth
 + Level 0.1 Evocations


You couldn't memorise any spells.
You didn't know any spells.
Your spell library was empty.

Dungeon Overview and Level Annotations

Branches:
Dungeon (5/15)
 Temple: D:4-7

Altars:
Fedhas
Xom


Message History

You miss the adder.
You feel sick. The adder closely misses you.
An orc comes into view. It is wielding a +0 hand axe.
The kobold throws a stone.
The stone closely misses you. The adder bites you but does no damage.
You barely miss the adder.
You feel sick. The adder bites you.
You are lethally poisoned!
The adder poisons you!
An orc comes into view. It is wielding a +0 flail.
The kobold throws a stone.
The stone hits you but does no damage.
You closely miss the adder.
You feel very sick.
The orc shouts! x2; You hear a shout!
The adder barely misses you. The adder closely misses you.
You are too injured to fight recklessly!
You are too injured to fight recklessly!
You are too injured to fight recklessly!
You are too injured to fight recklessly!
You feel sick.
The kobold throws a stone.
The stone hits you but does no damage.
There is an open door here.
* * * LOW HITPOINT WARNING * * *
You feel sick.
You feel yourself speed up.
* * * LOW HITPOINT WARNING * * *
You feel sick. The adder barely misses you. The adder bites you.
* * * LOW HITPOINT WARNING * * *
You are more poisoned.
The adder poisons you!
Unknown command.
Unknown command.
Unknown command.
Unknown command.
Unknown command.
Unknown command.
You barely miss the adder.
* * * LOW HITPOINT WARNING * * *
You feel sick. The adder closely misses you.
Unknown command.
You miss the adder.
You die...

######### #.#
.. #.# .##
#.# .. #.# #.
#######.#
#.###
#.......#
#...###
#.#######
#...S.# #.#
#...#@# #.#
#...#)# #.#
#...#.#####.#
#...#.......#
#..o#########
#.Ko# #...#
#.....
#.!.....


You could see an adder.

Vanquished Creatures
  An orc (D:4)
  A kobold (D:4)
2 creatures vanquished.

Notes
Turn   | Place    | Note
-------+----------+-------------------------------------------
     0 | D:5      | flotson the Demonspawn Delver began the quest for the Orb.
     0 | D:5      | Reached XP level 1. HP: 18/18 MP: 1/1
   167 | D:4      | Found a shimmering altar of Xom.
   168 | D:4      | Found a blossoming altar of Fedhas.
   365 | D:4      | Succumbed to an adder's poison

Illustrated notes

Levels and vault maps discovered:
D:4:      layout_basic, mainiacjoe_overflow_divided_tiny
D:5:      lemuel_ratsnest, layout_gridville, elyvilon_altar_4,
          minmay_temple_entry_hall, uniq_grinder

Action                   || total
-------------------------++-------
Melee: Hand axe          ||    14
  Use: Potion            ||     1
Armor: Leather armour    ||     4
Dodge: Dodged            ||     8

Table legend: (Time is in decaauts)
 A = Elapsed time spent in this place.
 B = Non-inter-level travel time spent in this place.
 C = Inter-level travel time spent in this place.
 D = Time resting spent in this place.
 E = Time spent auto-exploring this place.
 F = Levels seen in this place.
 G = Mean time per level.
                   A        B        C        D        E       F      G
               +--------+--------+--------+--------+--------+-----+--------+
         Total |    367 |    367 |      0 |     50 |    251 |   2 |  183.5 |
       Dungeon |    367 |    367 |      0 |     50 |    251 |   2 |  183.5 |
               +--------+--------+--------+--------+--------+-----+--------+

Top non-repeatable levels by time:
     D:4: 341 daAuts
     D:5: 26 daAuts
